 Dungeon Crawl Stone Soup version 0.21-a0-633-g4c047d5 (webtiles) character file.

19 Lanoc the Insei (level 2, -1/23 HPs)
             Began as a Demigod Transmuter on Dec 28, 2017.
             Slain by Robin
             ... wielding a +0 short sword
              (2 damage)
             ... on level 1 of the Dungeon.
             The game lasted 00:02:01 (753 turns).

Lanoc the Insei (Demigod Transmuter)                 Turns: 753, Time: 00:02:03

Health: -1/23      AC:  2    Str: 13    XL:     2   Next: 39%
Magic:  7/7        EV: 12    Int: 17    God:
Gold:   36         SH:  0    Dex: 16    Spells: 3/4 levels left

rFire    . . .     SeeInvis .     - Unarmed
rCold    . . .     Gourm    .   (no shield)
rNeg     . . .     Faith    .   b - +0 robe
rPois    .         Spirit   .   (no helmet)
rElec    .         Reflect  .   (no cloak)
rCorr    .         Harm     .   (no gloves)
MR       .....                  (no boots)
Stlth    +.........             (no amulet)
HPRegen  0.07/turn              (no ring)
MPRegen  0.10/turn              (no ring)

@: no status effects
A: high mp 1
a: no special abilities


You were on level 1 of the Dungeon.
You were not hungry.

You visited 1 branch of the dungeon, and saw 2 of its levels.

You collected 36 gold pieces.

Inventory:

Missiles
 a - 12 arrows
Armour
 b - a +0 robe (worn)
Scrolls
 e - 2 scrolls of teleportation {unknown}
 g - 3 scrolls of fog {unknown}
 h - a scroll of noise {unknown}
 i - a scroll of identify {unknown}
 j - 2 scrolls of immolation {unknown}
Books
 c - a book of Changes

   Spells                             Type                      Level
   a - Beastly Appendage              Transmutation                1
   b - Sticks to Snakes               Transmutation                2
   c - Spider Form                    Transmutation/Poison         3
   d - Ice Form                       Ice/Transmutation            4
   e - Blade Hands                    Transmutation                5
Comestibles
 d - 2 rations
 f - a chunk of flesh


   Skills:
 + Level 1.1 Fighting
 + Level 1.9 Dodging
 * Level 3.0 Unarmed Combat
 + Level 1.9 Spellcasting
 * Level 2.1 Transmutations


You had 3 spell levels left.
You knew the following spells:

 Your Spells              Type           Power        Failure   Level  Hunger
a - Beastly Appendage     Tmut           #.....       8%          1    #......


Dungeon Overview and Level Annotations

Branches:
Dungeon (2/15)

Annotations:
D:1 Robin


Innate Abilities, Weirdness & Mutations

You have an increased reservoir of magic. (+10% MP)


Message History

The goblin hits you with an enchanted hunting sling.
You closely miss the goblin. Your kick misses the goblin.
The goblin hits you but does no damage. The goblin barely misses you.
You hit the goblin.
You kill the goblin!
Your talons disappear.
Robin hits you with a short sword.
* * * LOW HITPOINT WARNING * * *
The goblin misses you.
You barely miss the goblin. Robin hits you with a short sword.
* * * LOW HITPOINT WARNING * * *
The goblin hits you with a dagger.
* * * LOW HITPOINT WARNING * * *
You barely miss Robin.
Robin is moderately wounded.
Robin barely misses you. The goblin hits you but does no damage.
You barely miss the goblin. Robin hits you with a short sword.
* * * LOW HITPOINT WARNING * * *
The goblin closely misses you. Robin hits you with a short sword.
You die...

#.............#.#
##........##...#.#
#.....#+#........#
#................#
#..........#.#....
#..........#......
#.....#+#'######.#
#g)........# #...#
#@g........# #.#+#
#..........###....
#######'#.........
######.##....#...
#.......#....#...
##.......#....#(..
#.[...........#...
#...#.........#...
#...#......[......


You could see Robin and a goblin.

Vanquished Creatures
  A dart slug (D:1)
  A leopard gecko (D:1)
  6 goblins
  2 hobgoblins
  3 kobolds (D:1)
  A bat (D:1)
  A frilled lizard (D:1)
15 creatures vanquished.

Notes
Turn   | Place    | Note
-------+----------+-------------------------------------------
     0 | D:1      | Lanoc the Demigod Transmuter began the quest for the Orb.
     0 | D:1      | Reached XP level 1. HP: 15/15 MP: 5/5
   123 | D:1      | Reached skill level 1 in Fighting
   442 | D:1      | Reached XP level 2. HP: 23/23 MP: 5/7
   732 | D:2      | Noticed Robin
   739 | D:2      | Reached skill level 3 in Unarmed Combat
   753 | D:1      | HP: 1/23 [Robin/short sword (2)]
   753 | D:1      | Slain by Robin

Vault maps used:
D:1:      dpeg_arrival_castle
D:2:      nicolae_tso_swordbearing_angel, grunt_ministairs_7,
          grunt_qazlal_sundering, uniq_robin

Skill      XL: |  1  2 |
---------------+-------+-----
Fighting       | 1 |  1.1
Transmutations | 2 |  2.1
Unarmed Combat | 3 |  3.0
Dodging        | |  1.9
Spellcasting   | |  1.9

Action                   || total
-------------------------++-------
Melee: Unarmed           ||    41
       Headbutt          ||     2
       Kick              ||     1
 Cast: Beastly Appendage ||     9
  Use: Potion            ||     1
 Stab: Sleeping          ||     2
Armor: Robe              ||     8
Dodge: Dodged            ||    35

Table legend:
 A = Spawn XP
 B = Non-spawn XP
 C = Spawn XP percentage of total XP
 D = Spawn monster count
 E = Non-spawn monster count
 F = Spawn count percentage of total count
 G = Total turns spent on level
                    A         B        C        D         E        F      G
               +---------+---------+-------+---------+---------+-------+---------
         Total |       0 |      28 |   0.0 |       0 |      15 |   0.0 |   753
               +---------+---------+-------+---------+---------+-------+---------
           D:1 |       0 |      19 |   0.0 |       0 |      10 |   0.0 |   741
           D:2 |       0 |       9 |   0.0 |       0 |       5 |   0.0 |    12
               +---------+---------+-------+---------+---------+-------+---------
